 Dungeon Crawl Stone Soup version 0.30-a0-778-g2ef04afb54 (webtiles) character file.

Game seed: 15328861289067032684

2 Ceno the Conjurer (level 1, 0/12 HPs)
             Began as a Tengu Reaver on Feb 17, 2023.
             Slain by a kobold
             ... wielding a +4 short sword of protection
              (3 damage)
             ... on level 1 of the Dungeon.
             The game lasted 00:01:10 (346 turns).

Ceno the Conjurer (Tengu Reaver)                     Turns: 346, Time: 00:01:11

Health: 0/12       AC:  3    Str: 12    XL:     1   Next: 30%
Magic:  4/4        EV: 11    Int: 13    God:
Gold:   25         SH:  0    Dex: 12    Spells: 3/4 levels left

rFire   . . .      SeeInvis .    a - +0 falchion
rCold   . . .      Faith    .    (no shield)
rNeg    . . .      Spirit   .    b - +0 leather armour
rPois   .          Reflect  .    (helmet restricted)
rElec   .          Harm     .    (no cloak)
rCorr   .          Rampage  .    (no gloves)
Will    .....                    (boots unavailable)
Stlth   +                        (no amulet)
HPRegen 0.22/turn                (no ring)
MPRegen 0.09/turn                (no ring)

@: no status effects
A: beak, talons 3
a: no special abilities


You were on level 1 of the Dungeon.
You visited 1 branch of the dungeon, and saw 1 of its levels.

You collected 25 gold pieces.

Inventory:

Hand Weapons
 a - a +0 falchion (weapon)
Missiles
 d - 4 stones (quivered)
Armour
 b - a +0 leather armour (worn)
Scrolls
 c - a scroll of enchant armour {unknown}


   Skills:
 + Level 2.0 Fighting
 * Level 3.3 Long Blades
 - Level 2.1 Dodging
 - Level 2.0 Spellcasting
 + Level 4.0 Conjurations


You had 3 spell levels left.
You knew the following spells:

 Your Spells              Type           Power      Damage    Failure   Level
a - Kiss of Death         Conj/Necr      24%        2d7       14%         1

Your spell library contained the following spells:

 Spells                   Type           Power      Damage    Failure   Level
 Momentum Strike          Conj/Tloc      12%        3d8       22%         2
 Hailstorm                Conj/Ice       6%         3d4       38%         3


Dungeon Overview and Level Annotations

Branches:
Dungeon (1/15)

Altars:


Innate Abilities, Weirdness & Mutations

You have a beak for a mouth.
You have claws for feet.


Message History

The bat hits you but does no damage.
You hit the bat.
The bat is moderately wounded.
The bat hits you.
You miss the bat. Your peck misses the bat.
The bat is moderately wounded.
The bat hits you.
You hit the bat.
You kill the bat!
HP restored.
You see here a bat corpse.
There is an open door here.
A kobold comes into view.
It is wielding a +4 short sword of protection.
The kobold shouts!
The kobold moves out of view.
You hit the kobold. You claw the kobold, but do no damage.
The kobold is severely wounded.
The kobold completely misses you.
You hit the kobold but do no damage.
The kobold is severely wounded.
The kobold barely misses you.
You closely miss the kobold. You claw the kobold, but do no damage.
You peck the kobold, but do no damage.
The kobold is severely wounded.
The kobold hits you with a +4 short sword of protection.
Ouch! That really hurt!
You are too injured to fight recklessly!
You are too injured to fight recklessly!
You are too injured to fight recklessly!
You closely miss the kobold. Your kick misses the kobold.
The kobold is severely wounded.
The kobold hits you with a +4 short sword of protection.
* * * LOW HITPOINT WARNING * * *
You hit the kobold but do no damage.
The kobold is severely wounded.
The kobold closely misses you.
You completely miss the kobold. Your kick misses the kobold.
The kobold is severely wounded.
The kobold hits you with a +4 short sword of protection.
You die...

#.##.#.# #..
#. #.#.# ###
######. #.#.#
....... #.#.#
##
.......##.#.#
#^
........#.#.#
#.
......#...#.#
#.
............#
#.
#######@#####
#. #K# #. #.#
#. #.. #. #..
#. #... ##
#... ##...


You could see a kobold.

Vanquished Creatures
  A hobgoblin (D:1)
  A bat (D:1)
2 creatures vanquished.

Notes
Turn   | Place    | Note
-------+----------+-------------------------------------------
     0 | D:1      | Ceno the Tengu Reaver began the quest for the Orb.
     0 | D:1      | Reached XP level 1. HP: 12/12 MP: 4/4
   346 | D:1      | Slain by a kobold

Illustrated notes

Levels and vault maps discovered:
D:1:      ncdulo_smallfort, layout_basic

Action                     || total
---------------------------++-------
  Melee: Falchion          ||    11
         Kick              ||     2
         Peck              ||     1
  Throw: Stone             ||     2
 Armour: Leather armour    ||     1
  Dodge: Dodged            ||     3

Table legend: (Time is in decaauts)
 A = Elapsed time spent in this place.
 B = Non-inter-level travel time spent in this place.
 C = Inter-level travel time spent in this place.
 D = Time resting spent in this place.
 E = Time spent auto-exploring this place.
 F = Levels seen in this place.
 G = Mean time per level.
                   A        B        C        D        E       F      G
               +--------+--------+--------+--------+--------+-----+--------+
         Total |    347 |    347 |      0 |      4 |    291 |   1 |  347.0 |
       Dungeon |    347 |    347 |      0 |      4 |    291 |   1 |  347.0 |
               +--------+--------+--------+--------+--------+-----+--------+

Top non-repeatable levels by time:
     D:1: 347 daAuts
